 Dungeon Crawl Stone Soup version 0.16.3-4-gc506b73efe (webtiles) character file.

31846 faibistes the Thaumaturge (level 13, 0/63 HPs)
             Began as a Deep Elf Wizard on Sept 4, 2023.
             Was a Priest of Sif Muna.
             Slain by a baby alligator (15 damage)
             ... on level 3 of the Lair of Beasts.
             The game lasted 01:11:19 (23806 turns).

faibistes the Thaumaturge (Deep Elf Wizard)        Turns: 23806, Time: 01:11:19

Health: 0/63       AC: 10    Str:  4    XL:     13   Next: 28%
Magic:  22/46      EV: 17    Int: 29    God:    Sif Muna [***...]
Gold:   1632       SH:  0    Dex: 13    Spells: 11 memorised, 6 levels left

rFire  + + +     SeeInvis .     E - +7 mace "Jellyslayer" {flame, Contam rElec rF++}
rCold  . . .     Clarity  +     O - +0 robe {MR+}
rNeg   . . .     SustAb   .     (no shield)
rPois  .         Gourm    .     L - +2 helmet of the Devil {rElec rC+}
rElec  +         Spirit   .     K - +1 cloak
rCorr  .         Warding  .     f - +2 pair of gloves
rMut   .         Stasis   .     (no boots)
MR     ++...                    T - amulet of clarity
Stlth  ++........               y - ring of magical power
                                r - ring of fire

@: lethally poisoned (0 -> -14), repel missiles, very resistant to hostile
enchantments, unstealthy
A: no striking features
a: Channel Energy, Forget Spell, Renounce Religion


You were on level 3 of the Lair of Beasts.
You worshipped Sif Muna.
Sif Muna was most pleased with you.
You were hungry.

You visited 2 branches of the dungeon, and saw 17 of its levels.
You also visited: Trove.

You collected 1850 gold pieces.
You spent 218 gold pieces at shops.

Inventory:

Hand weapons
 C - a +0 dagger
 E - the +7 mace "Jellyslayer" (weapon) {flame, Contam rElec rF++}
   (You found it on level 1 of the Lair of Beasts)

   It has been specially enchanted to burn those struck by it, causing extra
   injury to most foes and up to half again as much damage against particularly
   susceptible opponents.
   It greatly protects you from fire.
   It insulates you from electricity.
   It causes magical contamination when unequipped.
 H - a +2 dagger of pain
Armour
 f - a +2 pair of gloves (worn)
 K - a +1 cloak (worn)
 L - the +2 helmet of the Devil (worn) {rElec rC+}
   (You bought it in a shop on level 6 of the Dungeon)

   It protects you from cold.
   It insulates you from electricity.
 O - a +0 robe of magic resistance (worn)
Jewellery
 o - a +5 ring of protection
 r - a ring of fire (left hand)
 y - a ring of magical power (right hand)
 I - an uncursed ring of see invisible
 M - an uncursed amulet of resist corrosion
 T - an amulet of clarity (around neck)
 U - an uncursed ring of flight
Magical devices
 a - a wand of enslavement (16)
 c - a wand of lightning (6)
 k - a wand of disintegration (7)
 m - a wand of confusion (37)
 w - a wand of digging (7)
 F - a wand of lightning (1)
Scrolls
 g - 7 scrolls of remove curse
 h - a scroll of fear
 l - 7 scrolls of teleportation
 n - a scroll of noise
 t - 6 scrolls of magic mapping
 x - 5 scrolls of recharging
 N - 3 scrolls of blinking
 V - 6 scrolls of identify
Potions
 e - a potion of magic
 j - 4 potions of heal wounds
 p - 4 potions of curing
 q - 2 potions of cancellation
 v - a potion of flight
 A - a potion of haste
 B - 4 potions of invisibility
 G - 2 potions of brilliance
 J - a potion of resistance
 P - a potion of restore abilities
 Y - 2 potions of ambrosia
Comestibles
 b - 9 slices of pizza
 d - 9 bread rations
 s - 20 fruits
 u - 6 meat rations
 z - 5 beef jerkies


   Skills:
 + Level 8.9 Dodging
 - Level 2.4 Stealth
 * Level 14.2 Spellcasting
 + Level 9.3 Conjurations
 - Level 1.1 Summonings
 - Level 6.5 Necromancy
 - Level 2.2 Translocations
 + Level 8.3 Fire Magic
 - Level 4.4 Air Magic
 * Level 7.9 Earth Magic
 - Level 3.2 Poison Magic
 * Level 9.2 Invocations
 + Level 7.8 Evocations


You had 6 spell levels left.
You knew the following spells:

 Your Spells              Type           Power        Failure   Level  Hunger
a - Magic Dart            Conj           ####         1%          1    None
b - Conjure Flame         Conj/Fire      #######.     1%          3    None
c - Call Imp              Summ           ####....     2%          2    None
d - Blink                 Tloc           N/A          1%          2    None
e - Mephitic Cloud        Conj/Pois/Air  ######..     1%          3    None
f - Repel Missiles        Chrm/Air       ####..       1%          2    None
g - Recall                Summ/Tloc      N/A          4%          3    None
k - Animate Dead          Necr           N/A          1%          4    None
v - Bolt of Magma         Conj/Fire/Erth #######...   1%          5    None
x - Sticky Flame          Conj/Fire      #######.     1%          4    None
z - Fireball              Conj/Fire      #######...   1%          5    None


Dungeon Overview and Level Annotations

Branches:
Dungeon (13/15)            Temple (0/1) D:5            Lair (4/8) D:11
  Swamp (0/5) Lair:4          Orc (0/4) D:11
  Snake: Lair:3-6    Spider: Lair:3-6    Vaults: D:13-14

Altars:
Ashenzari
Elyvilon
Kikubaaqudgha
Makhleb
Qazlal
Ru
Sif Muna
Vehumet
Xom
Yredelemnul
Zin

Shops:
D:6 [   D:9 [


Message History

Your blink frog skeleton hits the swamp dragon!
The swamp dragon bites your blink frog skeleton!!
Your blink frog skeleton is destroyed!
Unknown command.
Casting: Bolt of Magma
Confirm with . or Enter, or press ? or * to list all spells.
Aiming: Sticky Flame
Press: ? - help, Shift-Dir - straight line, f - baby alligator
Aim: a baby alligator (moderately wounded, poisoned)
You feel a surge of power!
The sticky flame hits the baby alligator.
The baby alligator is heavily wounded.
The baby alligator is covered in liquid flames!
You feel sick.
The baby alligator burns!
The baby alligator bites you!
* * * LOW HITPOINT WARNING * * *
The swamp dragon barely misses your yak zombie.
The swamp dragon claws your yak zombie.
The swamp dragon tramples your yak zombie but does no damage.
The baby alligator bites you!
You die...

..##........#........
##..+.....<.#.....#...
#..##.......#....##...
#D.##..+#.###.....#...
##ZZ#.P..####.....####
#>.Z.............#.##
#Z.Z.................
#...t................
#...@................
#...................P
#....................P
##.............P### #P
#..#P.#####.#.P# ###.
#.##### ###.. ..... #.
...... .. ......
#.....


You could see a swamp dragon, a baby alligator (burning), a friendly black mamba
zombie, 2 friendly yak zombies, a friendly spiny frog zombie and a friendly yak
skeleton.

Vanquished Creatures
  3 hydras
  Nergalle (D:10)
  Pikel (D:5)
  2 hill giants
  A manticore (D:10)
  2 ugly things (D:11)
  6 spiny frogs
  Joseph (D:9)
  A guardian serpent (shapeshifter) (D:10)
  2 cyclopes (D:11)
  A black mamba (Lair:3)
  3 komodo dragons
  5 slime creatures
  11 blink frogs
  2 trolls
  3 two-headed ogres
  A basilisk (D:13)
  A deep elf mage (D:10)
  4 wyverns
  A trapdoor spider (D:12)
  A human (D:11)
  25 yaks
  A hog (D:11)
  Grum (D:9)
  3 hungry ghosts
  5 hippogriffs
  2 vampire mosquitoes
  2 wolves (D:9)
  Edmund (D:6)
  Menkaure (D:5)
  A mottled dragon (D:12)
  6 spiders (D:10)
  7 orc warriors
  A soldier ant (D:13)
  6 water moccasins
  2 black bears
  2 sky beasts
  2 slaves (D:5)
  An eye of draining (D:11)
  7 porcupines
  3 ogres
  3 phantoms
  9 ice beasts
  A necrophage (D:5)
  6 crocodiles
  A big kobold (D:12)
  14 centaurs
  Sigmund (D:2)
  9 giant frogs
  A wyvern zombie (D:12)
  A wyvern skeleton (D:8)
  A troll zombie (D:11)
  3 scorpions
  9 killer bees
  2 quasits
  2 crimson imps
  3 wights (D:10)
  A centaur zombie (D:12)
  2 goliath beetles
  4 giant frog skeletons
  3 jellies
  7 hounds
  15 orc wizards
  8 orc priests
  4 worker ants
  8 iguanas
  Natasha (thrice) (D:5)
  10 sheep
  Ijyb (D:5)
  A hound skeleton (D:10)
  A worker ant zombie (D:11)
  15 adders
  5 river rats
  2 shadow imps
  3 giant mites
  5 worms
  A sheep zombie (Lair:1)
  2 oozes
  45 orcs
  17 bats
  A bat skeleton (D:7)
  2 bat zombies (D:6)
  5 giant cockroaches
  2 gnoll zombies (D:4)
  13 goblins
  17 hobgoblins
  9 jackals
  16 kobolds
  7 quokkas
  8 giant geckos
  9 giant newts
  A giant spore (D:6)
  A quokka zombie (D:6)
  54 rats
  2 ballistomycetes (D:6)
  A butterfly (Lair:2)
  A plant (D:11)
510 creatures vanquished.

Vanquished Creatures (collateral kills)
  A hydra (Lair:2)
  An ugly thing (D:11)
  A steam dragon (D:10)
  A troll (D:11)
  A baby alligator (Lair:3)
  2 blink frogs
  3 yaks
  A hippogriff (Lair:2)
  A water moccasin (Lair:2)
  A porcupine (Lair:1)
  2 spiders (D:10)
  A big kobold (D:10)
  A crocodile (Lair:3)
  A giant frog (Lair:2)
  3 killer bees
  2 electric eels (D:12)
  A crimson imp (D:12)
  A hound (Lair:3)
  Jessica (D:1)
  4 river rats
  2 jackals (D:1)
  2 kobolds
  3 quokkas
  A butterfly (Lair:2)
  2 fungi
  4 plants
44 creatures vanquished.

Vanquished Creatures (others)
  An ugly thing zombie (D:11)
  A trapdoor spider zombie (D:12)
  A slave (D:5)
  A blink frog skeleton (Lair:3)
  4 spider zombies (D:10)
  A water moccasin skeleton (Lair:3)
  A yak zombie (D:11)
  A yak skeleton (D:11)
  A giant frog zombie (Lair:2)
  2 orc priests (D:6)
  A hound (D:5)
  5 sheep (D:3)
  3 killer bee zombies
  A big kobold zombie (D:10)
  A sky beast zombie (D:11)
  A sheep skeleton (D:11)
  A sheep zombie (Lair:1)
  A goblin (D:5)
  A giant spore (D:6)
  4 kobold zombies
  3 orc skeletons
  An orc zombie (D:11)
  2 river rat skeletons (Lair:3)
  A bush (Lair:3)
  4 fungi
  5 plants
49 creatures vanquished.

Grand Total: 603 creatures vanquished

Notes
Turn   | Place    | Note
--------------------------------------------------------------
     0 | D:1      | faibistes, the Deep Elf Wizard, began the quest for the Orb.
     0 | D:1      | Reached XP level 1. HP: 10/10 MP: 6/6
   252 | D:1      | Reached XP level 2. HP: 15/15 MP: 4/10
   256 | D:1      | Learned a level 2 spell: Blink
   259 | D:1      | Learned a level 2 spell: Call Imp
   375 | D:1      | Reached skill level 5 in Spellcasting
   834 | D:2      | Noticed Jessica
   835 | D:2      | Reached XP level 3. HP: 19/19 MP: 14/14
   844 | D:1      | Killed Jessica
   876 | D:1      | Learned a level 3 spell: Conjure Flame
   880 | D:1      | Learned a level 3 spell: Mephitic Cloud
  1819 | D:2      | Reached XP level 4. HP: 24/24 MP: 14/17
  2138 | D:2      | Learned a level 2 spell: Repel Missiles
  2358 | D:2      | Found a sacrificial altar of Ru.
  2450 | D:3      | Reached skill level 6 in Spellcasting
  2456 | D:3      | Noticed a hungry ghost
  2463 | D:3      | Killed a hungry ghost
  2463 | D:3      | Reached XP level 5. HP: 24/28 MP: 3/21
  2533 | D:2      | Noticed Sigmund
  2598 | D:2      | Killed Sigmund
  2598 | D:2      | Reached skill level 7 in Spellcasting
  2598 | D:2      | Reached XP level 6. HP: 32/32 MP: 9/23
  3032 | D:2      | Found a deep blue altar of Sif Muna.
  3045 | D:2      | Became a worshipper of Sif Muna the Loreminder
  3746 | D:4      | Reached skill level 1 in Poison Magic
  3980 | D:3      | Found a shimmering altar of Xom.
  4344 | D:4      | Found an ancient bone altar of Kikubaaqudgha.
  4484 | D:4      | Reached skill level 1 in Air Magic
  4537 | D:4      | Reached XP level 7. HP: 36/36 MP: 17/25
  4638 | D:5      | Entered Level 5 of the Dungeon
  5042 | D:5      | Acquired Sif Muna's first power
  5426 | D:5      | Noticed Pikel
  5666 | D:5      | Found a staircase to the Ecumenical Temple.
  5822 | D:4      | Reached skill level 8 in Spellcasting
  5822 | D:4      | Reached skill level 5 in Conjurations
  5967 | D:4      | Found a basalt altar of Yredelemnul.
  6204 | D:6      | Found a burning altar of Makhleb.
  6327 | D:5      | Reached XP level 8. HP: 31/41 MP: 16/27
  6432 | D:6      | Noticed Edmund
  6461 | D:6      | Killed Edmund
  6461 | D:6      | Acquired Sif Muna's second power
  6461 | D:6      | Reached skill level 5 in Dodging
  6917 | D:5      | Killed Pikel
  6917 | D:5      | Reached skill level 9 in Spellcasting
  6920 | D:5      | Noticed Natasha
  6930 | D:5      | Killed Natasha
  7027 | D:5      | Noticed Natasha
  7031 | D:5      | Killed Natasha
  7047 | D:5      | Found a shattered altar of Ashenzari.
  7141 | D:5      | Noticed Ijyb
  7163 | D:5      | Killed Ijyb
  7262 | D:5      | Found a glowing silver altar of Zin.
  7285 | D:5      | Reached skill level 1 in Invocations
  7529 | D:5      | Found a stormy altar of Qazlal.
  7542 | D:5      | Reached skill level 1 in Fire Magic
  7542 | D:5      | Reached skill level 1 in Evocations
  7546 | D:5      | Reached XP level 9. HP: 38/45 MP: 26/29
  7966 | D:5      | Noticed Natasha
  7970 | D:5      | Killed Natasha
  8001 | D:5      | Noticed Menkaure
  8023 | D:5      | Killed Menkaure
  8331 | D:7      | Reached skill level 10 in Spellcasting
  8350 | D:6      | Found Grelap's Antique Armour Boutique.
  8355 | D:6      | Bought a faintly humming helmet for 218 gold pieces
  8365 | D:6      | Identified the +2 helmet of the Devil {rElec rC+} (You bought it in a shop on level 6 of the Dungeon)
  8948 | D:6      | Learned a level 5 spell: Fireball
  8953 | D:6      | Learned a level 4 spell: Animate Dead
  8958 | D:6      | Learned a level 4 spell: Sticky Flame
  9352 | D:7      | Reached skill level 1 in Necromancy
 10063 | D:8      | Acquired Sif Muna's third power
 10174 | D:8      | Found a radiant altar of Vehumet.
 10788 | D:8      | Found a white marble altar of Elyvilon.
 10927 | D:8      | Reached XP level 10. HP: 42/50 MP: 31/31
 11272 | D:9      | Noticed Joseph
 11337 | D:9      | Killed Joseph
 11665 | D:10     | Entered Level 10 of the Dungeon
 11666 | D:10     | Noticed Grum
 11694 | D:9      | Reached skill level 5 in Invocations
 11770 | D:9      | Killed Grum
 11770 | D:9      | Reached skill level 5 in Fire Magic
 12020 | D:9      | Reached skill level 11 in Spellcasting
 12541 | D:9      | Learned a level 5 spell: Bolt of Magma
 13280 | D:9      | Reached skill level 5 in Necromancy
 13280 | D:9      | Reached skill level 1 in Earth Magic
 13366 | D:9      | Found Xyucam's Armour Boutique.
 13513 | D:10     | Noticed a guardian serpent
 13517 | D:10     | Killed a guardian serpent
 13606 | D:10     | Reached XP level 11. HP: 15/54 MP: 25/33
 13907 | D:11     | Noticed a hill giant
 13912 | D:11     | Killed a hill giant
 14357 | D:10     | Noticed Nergalle
 14366 | D:10     | Killed Nergalle
 14532 | D:10     | Noticed a hill giant
 14540 | D:10     | Killed a hill giant
 14540 | D:10     | Reached skill level 12 in Spellcasting
 14540 | D:10     | Reached skill level 5 in Evocations
 14661 | D:11     | Found a portal to a secret trove of treasure.
 14826 | D:10     | Received a gift from Sif Muna
 14827 | D:10     | Identified Sif Muna's Reference Book on Good Luck (Sif Muna gifted it to you on level 10 of the Dungeon)
 14927 | Trove    | Entered a treasure trove
 14947 | Trove    | Got a ring of the Octopus King
 15021 | Trove    | Identified a ring of the Octopus King {rC+ AC+1 EV+1 Str+1 Int+1 Dex+1} (You found it in a treasure trove)
 16625 | D:11     | Reached skill level 5 in Earth Magic
 16649 | D:11     | HP: 2/54 [poisoned by a kobold]
 16657 | D:11     | HP: 2/54 [poisoned by a kobold]
 17105 | D:11     | Reached XP level 12. HP: 59/59 MP: 27/35
 18347 | D:11     | Found a staircase to the Lair.
 18545 | D:11     | Reached skill level 13 in Spellcasting
 18808 | D:11     | Found a staircase to the Orcish Mines.
 19259 | Lair:1   | Entered Level 1 of the Lair of Beasts
 19439 | Lair:2   | Noticed a four-headed hydra
 19439 | Lair:2   | Noticed a six-headed hydra
 19447 | Lair:2   | Killed a four-headed hydra
 19451 | Lair:2   | Killed a six-headed hydra
 19644 | Lair:1   | Found a labyrinth entrance.
 20907 | Lair:1   | Got an iridescent mace
 20908 | Lair:1   | Identified the +7 mace "Jellyslayer" {flame, Contam rElec rF++} (You found it on level 1 of the Lair of Beasts)
 21394 | Lair:2   | Learned a level 3 spell: Recall
 21405 | Lair:3   | Noticed a five-headed hydra
 21411 | Lair:3   | Killed a five-headed hydra
 21418 | Lair:3   | Reached XP level 13. HP: 19/63 MP: 10/36
 22120 | Lair:2   | Reached skill level 14 in Spellcasting
 23516 | Lair:4   | Found a staircase to the Swamp.
 23806 | Lair:3   | Slain by a baby alligator

Action                   |  1- 3 |  4- 6 |  7- 9 | 10-12 | 13-15 || total
-------------------------+-------+-------+-------+-------+-------++-------
Melee: Dagger            |     9 |    13 |    57 |    82 |       ||   161
       Mace              |       |       |       |     4 |    15 ||    19
 Cast: Magic Dart        |    96 |   181 |   393 |   198 |    22 ||   890
       Call Imp          |     4 |       |       |       |       ||     4
       Mephitic Cloud    |     2 |    10 |    32 |    29 |     4 ||    77
       Blink             |     2 |     1 |    15 |    27 |     4 ||    49
       Conjure Flame     |     1 |     8 |    33 |    42 |     2 ||    86
       Repel Missiles    |       |     1 |     1 |     2 |       ||     4
       Sticky Flame      |       |       |     6 |    71 |    19 ||    96
       Fireball          |       |       |       |    61 |     2 ||    63
       Bolt of Magma     |       |       |       |   100 |    28 ||   128
       Animate Dead      |       |       |       |    31 |    11 ||    42
Invok: Channel Energy    |       |       |       |     5 |       ||     5
Evoke: Wand              |       |       |       |     6 |       ||     6
  Use: Scroll            |       |     6 |    12 |     9 |     1 ||    28
       Potion            |       |       |       |     2 |     1 ||     3
 Stab: Sleeping          |     1 |       |     2 |     1 |     1 ||     5
       Confused          |       |     1 |     1 |     1 |       ||     3
  Eat: Chunk             |     3 |     8 |    18 |    38 |     7 ||    74
       Pizza             |       |       |     1 |       |       ||     1
       Fruit             |       |       |       |     2 |       ||     2
